 Dungeon Crawl Stone Soup version 0.22-a0-825-ga28c36f (webtiles) character file.

200 inc the Skirmisher (level 5, -2/59 HPs)
             Began as an Ogre Gladiator on July 24, 2018.
             Was an Initiate of Okawaru.
             Slain by Natasha (10 damage)
             ... on level 3 of the Dungeon.
             The game lasted 00:04:20 (3281 turns).

inc the Skirmisher (Ogre Gladiator)                 Turns: 3281, Time: 00:04:22

Health: -2/59      AC:  3    Str: 19    XL:     5   Next: 78%
Magic:  5/5        EV: 10    Int: 14    God:    Okawaru [......]
Gold:   181        SH:  0    Dex: 10    Spells: 4/4 levels left

rFire    . . .     SeeInvis .   a - +0 flail
rCold    . . .     Gourm    .   (no shield)
rNeg     . . .     Faith    .   b - +0 robe
rPois    +         Spirit   .   c - +0 hat
rElec    .         Reflect  .   (no cloak)
rCorr    .         Harm     .   (gloves unavailable)
MR       .....                  (boots unavailable)
Stlth    ..........             k - amulet of regeneration
HPRegen  0.59/turn              h - ring of attention (curse)
MPRegen  0.09/turn              t - ring of poison resistance

@: brilliant, about to teleport, slowed, very slow
A: large, unfitting armour, tough skin 1
a: Renounce Religion


You were on level 3 of the Dungeon.
You worshipped Okawaru.
Okawaru was noncommittal.
You were hungry.

You visited 1 branch of the dungeon, and saw 4 of its levels.

You collected 181 gold pieces.

Inventory:

Hand Weapons
 a - a +0 flail (weapon)
Missiles
 d - 3 throwing nets (quivered)
Armour
 b - a +0 robe (worn)
 c - a +0 hat (worn)
Jewellery
 h - a cursed ring of attention (left hand)
 i - an uncursed ring of magical power
 j - a +4 amulet of reflection
 k - an amulet of regeneration (around neck)
 t - a ring of poison resistance (right hand)
 v - an uncursed ring of protection from cold {unknown}
Scrolls
 e - a scroll of teleportation
 n - a scroll of enchant armour {unknown}
 p - 2 scrolls of enchant weapon {unknown}
 q - a scroll of remove curse {unknown}
 r - a scroll of amnesia {unknown}
 s - a scroll of identify {unknown}
 u - a scroll of magic mapping {unknown}
Potions
 o - a potion of magic
Comestibles
 f - 6 rations


   Skills:
 + Level 5.7 Fighting
 + Level 4.4 Maces & Flails
 - Level 2.0 Throwing
 - Level 2.6 Dodging


You had 4 spell levels left.
You didn't know any spells.
Your spell library was empty.

Dungeon Overview and Level Annotations

Branches:
Dungeon (4/15)
 Temple: D:4-7

Altars:
Hepliaklqana
Nemelex Xobeh
Okawaru
Sif Muna

Annotations:
D:1 dig
D:3 Grinder, Natasha
D:4 Robin, Sigmund


Innate Abilities, Weirdness & Mutations

You are too large for most types of armour.
You have tough skin. (AC +1)


Message History

Natasha claws you!
Natasha mumbles some strange words.
You barely miss Natasha.
Natasha is lightly wounded.
Natasha stares at you and mumbles some strange words.
You feel yourself slow down. Natasha claws you.
Okay, then.
As you read the scroll of teleportation, it crumbles to dust.
You feel strangely unstable. Natasha claws you but does no damage.
Natasha claws you!
* * * LOW HITPOINT WARNING * * *
Natasha closely misses you.
Natasha is no longer moving quickly.
Natasha stares at you and mumbles some strange words.
The magic dart hits you!
* * * LOW HITPOINT WARNING * * *
Natasha mumbles some strange words.
Natasha shimmers violently.
Natasha claws you!
You die...

#.# #.# #.# ##
##.##### #.# #.##..
#.)....###.###.....
#.........g...>....
#...##<.########.#.
##.###..# #......
#.# #..# ##.####.
#.# #h.####...###g
#@# #)............
#h# #)#####...###.
#5# #.##..........
#>###.##.##...##..
#......#.###.####.
#####..#.# #.#####
#..#.# #......
#..#)# #.#####
#..#.###.#####


You could see Natasha and a shadow imp.

Vanquished Creatures
  An orc wizard (D:3)
  Natasha (D:3)
  2 gnolls (D:3)
  4 adders
  2 worms
  A dart slug (D:3)
  A leopard gecko (D:3)
  5 orcs (D:3)
  A ball python (D:1)
  8 bats
  4 giant cockroaches (D:1)
  17 goblins
  4 hobgoblins
  8 jackals
  3 frilled lizards (D:2)
  7 kobolds
  6 rats
75 creatures vanquished.

Notes
Turn   | Place    | Note
-------+----------+-------------------------------------------
     0 | D:1      | inc the Ogre Gladiator began the quest for the Orb.
     0 | D:1      | Reached XP level 1. HP: 22/22 MP: 1/1
   277 | D:1      | Reached skill level 3 in Fighting
   296 | D:1      | Reached XP level 2. HP: 28/31 MP: 2/2
   840 | D:1      | Reached XP level 3. HP: 39/39 MP: 3/3
  1519 | D:2      | Reached skill level 4 in Fighting
  2157 | D:3      | Reached XP level 4. HP: 49/49 MP: 4/4
  2705 | D:3      | Reached skill level 5 in Fighting
  2705 | D:3      | Noticed Natasha
  2717 | D:3      | Killed Natasha
  2717 | D:3      | Reached XP level 5. HP: 27/57 MP: 5/5
  2795 | D:3      | Noticed Grinder
  2796 | D:3      | Paralysed by Grinder for 3 turns
  2803 | D:3      | Paralysed by Grinder for 3 turns
  2876 | D:3      | Found a deep blue altar of Sif Muna.
  2877 | D:3      | Found a hazy altar of Hepliaklqana.
  2877 | D:3      | Found a sparkling altar of Nemelex Xobeh.
  2968 | D:3      | Found an iron altar of Okawaru.
  2976 | D:3      | Became a worshipper of Warmaster Okawaru
  3177 | D:4      | Noticed Robin
  3254 | D:3      | Noticed Natasha
  3263 | D:4      | Noticed Sigmund
  3281 | D:3      | Slain by Natasha

Vault maps used:
D:1:      scummos_arrival_forest, due_unseen_surprise
D:3:      grunt_temple_overflow_open, kennysheep_okawaru_gauntlet, first_ration,
          uniq_grinder, uniq_natasha
D:4:      minmay_temple_entry_mist, uniq_sigmund, uniq_robin

Skill      XL: |  1  2  3  4 |
---------------+-------------+-----
Fighting       | 3 4 5 |  5.7
Maces & Flails | 3 4 |  4.4
Throwing       | |  2.0
Dodging        | |  2.6

Action                   |  1- 3 |  4- 6 || total
-------------------------+-------+-------++-------
Melee: Flail             |   131 |   142 ||   273
  Use: Scroll            |       |     2 ||     2
       Potion            |       |     4 ||     4
 Stab: Sleeping          |     1 |       ||     1
  Eat: Chunk             |     3 |     4 ||     7
Armor: Robe              |    58 |    45 ||   103
Dodge: Dodged            |    79 |   100 ||   179

Table legend:
 A = Spawn XP
 B = Non-spawn XP
 C = Spawn XP percentage of total XP
 D = Spawn monster count
 E = Non-spawn monster count
 F = Spawn count percentage of total count
 G = Total turns spent on level
                    A         B        C        D         E        F      G
               +---------+---------+-------+---------+---------+-------+---------
         Total |       0 |     286 |   0.0 |       0 |      75 |   0.0 |  3281
               +---------+---------+-------+---------+---------+-------+---------
           D:1 |       0 |      50 |   0.0 |       0 |      29 |   0.0 |  1439
           D:2 |       0 |      28 |   0.0 |       0 |      10 |   0.0 |   808
           D:3 |       0 |     200 |   0.0 |       0 |      32 |   0.0 |  1015
           D:4 |       0 |       8 |   0.0 |       0 |       4 |   0.0 |    19
               +---------+---------+-------+---------+---------+-------+---------
